 Dungeon Crawl Stone Soup version 0.26-a0-859-gf57989e088 (webtiles) character file.

Game seed: 10404412432880863843

10730 Conn the Thaumaturge (level 11, -7/74 HPs)
             Began as an Octopode Fire Elementalist on Nov 25, 2020.
             Was a High Priest of Sif Muna.
             Mangled by a red ugly thing (13 damage)
             ... on level 10 of the Dungeon.
             The game lasted 00:58:04 (18112 turns).

Conn the Thaumaturge (Octopode Fire Elementalist)  Turns: 18112, Time: 00:58:07

Health: -7/74      AC:  3    Str: 14    XL:     11   Next: 66%
Magic:  11/24      EV: 15    Int: 21    God:    Sif Muna [*****.]
Gold:   125        SH:  4    Dex: 12    Spells: 5/28 levels left

rFire    . . .     SeeInvis .   i - +6 dagger (chaos)
rCold    + . .     Faith    .   (no shield)
rNeg     + . .     Spirit   .   l - +2 hat
rPois    .         Reflect  .   (no amulet)
rElec    .         Harm     .   p - ring of protection from cold
rCorr    .         Rampage  .   v - +6 ring of strength
MR       .....                  H - ring "Qantahob" {Wiz rN+ Str+2 Stlth-}
Stlth    +++.......             J - ring of flight
HPRegen  0.22/turn              (no ring)
MPRegen  0.19/turn              (no ring)
                                (no ring)
                                (no ring)

@: no status effects
A: almost no armour, stealthy swim, amphibious, 8 rings, constrict 8, large bone
plates 1, camouflage 1, robust 1, weak 1, gelatinous body 1
a: Channel Magic, Forget Spell, Divine Exegesis, Renounce Religion, Evoke Flight


You were on level 10 of the Dungeon.
You worshipped Sif Muna.
Sif Muna was extremely pleased with you.
You visited 2 branches of the dungeon, and saw 12 of its levels.

You collected 741 gold pieces.
You spent 616 gold pieces at shops.

Inventory:

Hand Weapons
 e - a +1 short sword
 i - a +6 dagger of chaos (weapon)
 j - a +4 dagger of speed
 n - the +1 long sword of Triumph {drain, Str+3}
   (You found it on level 8 of the Dungeon)

   A truly terrible weapon, it drains the life of those it strikes.
   It affects your strength (+3).
Missiles
 a - 3 javelins
 o - 115 poisoned darts
 B - 2 curare-tipped darts (quivered)
Armour
 b - a cursed +0 kite shield
 l - a +2 hat (worn)
Magical Staves
 t - an uncursed staff of death
Jewellery
 p - a ring of protection from cold (left tentacle)
 v - a +6 ring of strength (right tentacle)
 H - the ring "Qantahob" (on tentacle) {Wiz rN+ Str+2 Stlth-}
   (You bought it in a shop on level 10 of the Dungeon)

   [ring of wizardry]

   It improves your spell success rate.
   It affects your strength (+2).
   It protects you from negative energy.
   It makes you less stealthy.
 J - a ring of flight (on tentacle)
Wands
 f - a wand of flame (15)
 y - a wand of iceblast (19)
 A - a wand of polymorph (9)
 E - a wand of digging (5)
 F - a wand of paralysis (4)
Scrolls
 c - 9 scrolls of identify
 h - 4 scrolls of remove curse
 m - 5 scrolls of teleportation
 q - 3 scrolls of enchant armour
 r - a scroll of magic mapping {unknown}
 x - 3 scrolls of vulnerability {unknown}
 G - 3 scrolls of amnesia
 I - a scroll of random uselessness {unknown}
Potions
 d - a potion of haste
 g - 2 potions of resistance
 s - 4 potions of curing
 w - 2 potions of cancellation
 C - 2 potions of mutation
 D - a potion of ambrosia


   Skills:
 + Level 3.7 Fighting
 + Level 2.7(3.8) Short Blades
 + Level 4.1(4.5) Long Blades
 + Level 4.3 Dodging
 + Level 5.9 Stealth
 + Level 0.8 Shields
 * Level 9.2 Spellcasting
 * Level 8.7 Conjurations
 * Level 2.0 Translocations
 + Level 6.9 Fire Magic
 + Level 0.2 Air Magic
 + Level 0.2 Poison Magic
 - Level 6.6 Invocations
 + Level 1.1 Evocations


You had 5 spell levels left.
You knew the following spells:

 Your Spells              Type           Power        Failure   Level
a - Foxfire               Conj/Fire      ####         1%          1
b - Conjure Flame         Conj/Fire      #####...     1%          3
c - Inner Flame           Hex/Fire       ###.....     1%          3
d - Sticky Flame          Conj/Fire      #####...     1%          4
e - Fireball              Conj/Fire      #####.....   3%          5
f - Mephitic Cloud        Conj/Pois/Air  ###.....     2%          3
g - Blink                 Tloc           N/A          1%          2
h - Call Imp              Summ           ##......     4%          2

Your spell library contained the following spells:

 Spells                   Type           Power        Failure   Level
 Magic Dart               Conj           ####         1%          1
 Pain                     Necr           #...         2%          1
 Corpse Rot               Necr/Air       N/A          4%          2
 Slow                     Hex            #.......     4%          2
 Agony                    Necr           #.......     58%         5
 Simulacrum               Ice/Necr       #.........   98%         6
 Haunt                    Necr/Summ      #.........   100%        7


Dungeon Overview and Level Annotations

Branches:
Dungeon (11/15)            Temple (1/1) D:4             Orc (0/2) D:10
   Lair: D:8-11

Altars:
Ashenzari
Cheibriados
Elyvilon
Fedhas
Gozag
Hepliaklqana
Kikubaaqudgha
Makhleb
Nemelex Xobeh
Okawaru
Sif Muna
Trog
Vehumet
Wu Jian
Xom
Yredelemnul
The Shining One

Shops:
D:10 =


Innate Abilities, Weirdness & Mutations

You cannot wear most types of armour.
You are very stealthy in the water. (Stealth+)
You are amphibious.
You can wear up to eight rings at the same time.
You can use your tentacles to constrict eight enemies at once.
Your skin changes colour to match your surroundings (Stealth+).
Your rubbery body absorbs attacks. (AC +1, EV +1)
You are partially covered in large bone plates. (SH +4)
You are robust. (+10% HP)
You are weak. (Str -2)


Message History

The sticky flame hits the red ugly thing.
The red ugly thing resists.
The red ugly thing is heavily wounded.
The red ugly thing is engulfed in noxious fumes.
The red ugly thing appears confused.
The red ugly thing barely misses you.
You hit the red ugly thing. Your grab misses the red ugly thing.
You squeeze the red ugly thing.
The red ugly thing is heavily wounded.
The red ugly thing is engulfed in noxious fumes.
The red ugly thing appears confused.
The red ugly thing claws you!
You are engulfed in flames!
* * * LOW HITPOINT WARNING * * *
Casting: Sticky Flame (dangerous; 1% risk of failure)
Confirm with . or Enter, or press ? or * to list all spells.
You blink.
The red ugly thing is engulfed in noxious fumes.
The red ugly thing claws you!
* * * LOW HITPOINT WARNING * * *
You are engulfed in flames!
You die...

..#....###'###............#######
..+.................####### #.
..#....##...........# ##.
..#....##...##......# #).
..#.........##.....># #.#
..#...........<..>..###########.#
..#.................##...##.....#
..########'###.°...............##
.............#..@.............###
.............#..u°............#..
.............#..§.............'†.
.............#......##...##...#..
.............#......##...##...#..
########.....#......##...##...#..
.#.....#..)..#...........##...###
.#.....#.....#................#..
.#.....#.....#................#..


You could see a red ugly thing (confused).

Vanquished Creatures
  Erolcha (D:9)
  2 two-headed ogres
  An unseen horror (D:10)
  2 gargoyles
  A kobold demonologist (D:9)
  A troll (D:9)
  A hornet (D:10)
  5 yaks
  Menkaure (D:7)
  3 wargs
  3 orc warriors
  2 ice beasts
  3 phantoms
  A black bear (D:7)
  A necrophage (D:6)
  9 ogres
  6 centaurs
  8 big kobolds
  7 bullfrogs
  A gnoll sergeant (D:6)
  14 wights
  4 killer bees
  5 howler monkeys
  An electric eel (D:10)
  A crimson imp (D:5)
  A centaur zombie (D:10)
  2 quasits
  7 orc priests
  A bullfrog zombie (D:9)
  4 jellies
  6 hounds
  A bullfrog skeleton (D:10)
  An iguana (D:4)
  9 orc wizards
  9 worker ants
  A hound skeleton (D:8)
  A worker ant zombie (D:10)
  13 gnolls
  6 adders
  4 shadow imps
  3 white imps
  2 ufetubi
  2 oozes
  An adder skeleton (D:5)
  A worm (D:5)
  A dart slug (D:1)
  3 leopard geckos
  43 orcs
  4 giant cockroaches
  9 goblins
  5 hobgoblins
  23 jackals
  45 kobolds
  6 quokkas
  4 ball pythons
  11 bats
  8 frilled lizards
  11 kobold skeletons (D:9)
  7 kobold zombies (D:9)
  2 leopard gecko skeletons
  3 quokka skeletons
  10 rats
354 creatures vanquished.

Vanquished Creatures (collateral kills)
  A foxfire (D:7)
1 creature vanquished.

Vanquished Creatures (others)
  An orc (D:10)
  1025 foxfires
  4 fungi (D:6)
  A plant (D:11)
1031 creatures vanquished.

Grand Total: 1386 creatures vanquished

Notes
Turn   | Place    | Note
-------+----------+-------------------------------------------
     0 | D:1      | Conn the Octopode Fire Elementalist began the quest for the
                  | Orb.
     0 | D:1      | Reached XP level 1. HP: 11/11 MP: 3/3
   354 | D:1      | Reached XP level 2. HP: 17/17 MP: 1/5
   948 | D:1      | Reached XP level 3. HP: 13/21 MP: 2/6
  1322 | D:2      | Learned a level 3 spell: Conjure Flame
  1635 | D:2      | Reached XP level 4. HP: 23/27 MP: 3/7
  1659 | D:2      | Found a basalt altar of Yredelemnul.
  1661 | D:2      | Found an iron altar of Okawaru.
  1661 | D:2      | Found a broken altar of Ashenzari.
  3000 | D:3      | Reached skill level 3 in Spellcasting
  3177 | D:3      | Reached XP level 5. HP: 32/32 MP: 5/9
  3286 | D:4      | Noticed an ogre
  3302 | D:4      | Killed an ogre
  3381 | D:4      | Found a staircase to the Ecumenical Temple.
  3390 | Temple   | Entered the Ecumenical Temple
  3403 | Temple   | Became a worshipper of Sif Muna the Loreminder
  3603 | D:4      | Reached XP level 6. HP: 33/37 MP: 7/11
  3636 | D:4      | Found a broken altar of Ashenzari.
  4011 | D:4      | Found a hazy altar of Hepliaklqana.
  4013 | D:4      | Found a snail-covered altar of Cheibriados.
  4276 | D:3      | Learned a level 3 spell: Inner Flame
  4281 | D:3      | Learned a level 4 spell: Sticky Flame
  4319 | D:4      | Reached skill level 4 in Spellcasting
  4509 | D:5      | Entered Level 5 of the Dungeon
  4878 | D:5      | Found a burning altar of Makhleb.
  4878 | D:5      | Found a shimmering altar of Xom.
  5121 | D:5      | Reached skill level 1 in Fighting
  5268 | D:5      | Reached * piety under Sif Muna
  5301 | D:5      | Reached XP level 7. HP: 43/43 MP: 13/13
  5385 | D:5      | Reached skill level 1 in Short Blades
  5542 | D:5      | Reached skill level 1 in Invocations
  6114 | D:6      | Reached skill level 5 in Spellcasting
  6291 | D:6      | Reached XP level 8. HP: 38/48 MP: 6/15
  6508 | D:5      | Reached ** piety under Sif Muna
  6655 | D:6      | Reached skill level 5 in Stealth
  7137 | D:8      | Learned a level 5 spell: Fireball
  7551 | D:7      | Reached skill level 5 in Fire Magic
  7717 | D:7      | Reached skill level 6 in Spellcasting
  7717 | D:7      | Reached XP level 9. HP: 54/54 MP: 2/18
  8003 | D:6      | HP: 1/54 [ufetubus (5)]
  8051 | D:6      | Reached skill level 5 in Conjurations
  8388 | D:6      | Reached skill level 1 in Evocations
  9267 | D:7      | Found a glowing golden altar of the Shining One.
  9267 | D:7      | Noticed Menkaure
  9296 | D:7      | Killed Menkaure
  9569 | D:6      | Reached *** piety under Sif Muna
 10460 | D:8      | Reached skill level 5 in Invocations
 10673 | D:8      | Reached skill level 7 in Spellcasting
 10866 | D:8      | Got a polished long sword
 10867 | D:8      | Identified the cursed +1 long sword of Triumph {drain,
                  | Str+3} (You found it on level 8 of the Dungeon)
 10884 | D:8      | Reached XP level 10. HP: 62/62 MP: 17/20
 11299 | D:8      | Reached skill level 1 in Long Blades
 11604 | D:8      | Gained mutation: You are partially covered in large bone
                  | plates. (SH +4) [potion of mutation]
 11604 | D:8      | Gained mutation: You are weak. (Str -2) [potion of
                  | mutation]
 11604 | D:8      | Gained mutation: You are robust. (+10% HP) [potion of
                  | mutation]
 12153 | D:9      | Reached **** piety under Sif Muna
 12403 | D:9      | Noticed a kobold demonologist
 12495 | D:9      | Noticed a rust devil
 12496 | D:9      | Noticed a smoke demon
 12498 | D:9      | Killed a kobold demonologist
 12676 | D:9      | Found an ancient bone altar of Kikubaaqudgha.
 13277 | D:9      | Noticed Erolcha
 13290 | D:9      | Killed Erolcha
 13291 | D:9      | Reached skill level 8 in Spellcasting
 13477 | D:8      | Found an opulent altar of Gozag.
 13691 | D:10     | Entered Level 10 of the Dungeon
 14210 | D:11     | Noticed a death knight
 14465 | D:10     | Noticed an unseen horror
 14485 | D:10     | Killed an unseen horror
 14486 | D:10     | Reached XP level 11. HP: 23/73 MP: 1/23
 14754 | D:10     | Found Xeman's Jewellery Emporium.
 14998 | D:10     | Bought the ring "Qantahob" {Wiz rN+ Str+2 Stlth-} for 616
                  | gold pieces
 15147 | D:10     | Learned a level 3 spell: Mephitic Cloud
 15150 | D:10     | Learned a level 2 spell: Blink
 15153 | D:10     | Learned a level 2 spell: Call Imp
 15173 | D:10     | Noticed a two-headed ogre
 15231 | D:10     | Found a staircase to the Orcish Mines.
 15244 | D:10     | Killed a two-headed ogre
 15478 | D:10     | Reached ***** piety under Sif Muna
 15782 | D:10     | Reached skill level 1 in Translocations
 16210 | D:11     | Noticed a cyan ugly thing
 16232 | D:11     | Identified Sif Muna's Volume of Dark Rituals (Sif Muna
                  | gifted it to you on level 11 of the Dungeon)
 16232 | D:11     | Received a gift from Sif Muna
 16459 | D:11     | Noticed a red ugly thing
 16459 | D:11     | Noticed a two-headed ogre
 16855 | D:11     | Killed a two-headed ogre
 16855 | D:11     | HP: 3/73 [red ugly thing (21)]
 16856 | D:11     | Reached skill level 9 in Spellcasting
 18112 | D:10     | Mangled by a red ugly thing

Illustrated notes

Levels and vault maps discovered:
D:1:      lightli_arrival_lavapool, layout_basic, chequers_serial_rivers_marsh
D:2:      layout_rooms, chequers_temple_overflow_statue_of_worship, minivault_19
D:3:      layout_basic, minmay_quantized
D:4:      layout_basic, nicolae_overflow_hidden_temple, temple_pool_b,
          ashenzari_altar_1
D:5:      layout_basic, grunt_temple_overflow_champion_of_chaos,
          minmay_starry_boxes
D:6:      layout_rooms, serial_aquarium, aquarium_bridge_square
          [aquarium_subvault_bridge, aquarium_subvault_bridge,
          aquarium_subvault_bridge, aquarium_subvault_wall],
          aquarium_bridge_square [aquarium_subvault_balcony,
          aquarium_subvault_wall, aquarium_subvault_wall,
          aquarium_subvault_bridge], aquarium_window_fake, aquarium_window_2,
          aquarium_window_fake, aquarium_window_1, aquarium_view_2c,
          aquarium_view_2f
D:7:      layout_loops_cross, nicolae_tso_swordbearing_angel, uniq_menkaure
D:8:      lemuel_upstairs_altar, layout_gridville,
          minmay_misc_feat_secret_circle
D:9:      wander_kiku_kobolds, layout_loops_cross, uniq_erolcha
D:10:     statuecave_lemuel, layout_gridville, orc_0_dummy, serial_shops, shop
D:11:     layout_cave_pools, erik_lair_orcish_takeover,
          nicolae_looking_at_the_future
Temple:   nicolae_temple_great_sept

Skill      XL: |  1  2  3  4  5  6  7  8  9 10 11 |
---------------+----------------------------------+-----
Stealth        | 3 4 5 |  5.9
Spellcasting   | 3 4 5 6 7 8 9 |  9.2
Conjurations   | 2 3 4 6 8 |  8.7
Fire Magic     | 4 5 6 |  6.9
Fighting       | 1 2 3 |  3.7
Short Blades   | 1 2 |  2.7
Invocations    | 2 3 5 6 |  6.6
Dodging        | 3 4 |  4.3
Evocations     | 1 |  1.1
Long Blades    | 3 4 |  4.1
Translocations | 2 |  2.0
Shields        | |  0.8
Air Magic      | |  0.2
Poison Magic   | |  0.2

Action                   |  1- 3 |  4- 6 |  7- 9 | 10-12 || total
-------------------------+-------+-------+-------+-------++-------
Melee: Unarmed           |     6 |       |       |       ||     6
       Short sword       |    29 |    43 |       |       ||    72
       Constrict         |    11 |    11 |    21 |    38 ||    81
       Tentacles         |     3 |     6 |    25 |    41 ||    75
       Dagger            |       |     3 |   105 |    34 ||   142
       Long sword        |       |       |       |   122 ||   122
 Cast: Foxfire           |    44 |   113 |   225 |   197 ||   579
       Conjure Flame     |       |     1 |    13 |     3 ||    17
       Sticky Flame      |       |       |    10 |    19 ||    29
       Fireball          |       |       |       |    16 ||    16
       Mephitic Cloud    |       |       |       |    15 ||    15
       Blink             |       |       |       |     9 ||     9
       Call Imp          |       |       |       |     4 ||     4
       Inner Flame       |       |       |       |     1 ||     1
Evoke: Wand              |       |       |     7 |     4 ||    11
  Use: Scroll            |       |     5 |    12 |     4 ||    21
       Potion            |       |     4 |     3 |     7 ||    14
 Stab: Sleeping          |     4 |     6 |     5 |     3 ||    18
       Distracted        |       |       |     1 |       ||     1
       Confused          |       |       |       |     2 ||     2
       Paralysed         |       |       |       |     1 ||     1
Armor: Skin              |     2 |    12 |    19 |    28 ||    61
Dodge: Dodged            |    25 |    58 |   142 |   194 ||   419
Block: Other             |       |       |       |    40 ||    40
       Rpst.: Long sword |       |       |     1 |    26 ||    27

Table legend: (Time is in decaauts)
 A = Elapsed time spent in this place.
 B = Non-inter-level travel time spent in this place.
 C = Inter-level travel time spent in this place.
 D = Time resting spent in this place.
 E = Time spent auto-exploring this place.
 F = Levels seen in this place.
 G = Mean time per level.
                   A        B        C        D        E       F      G
               +--------+--------+--------+--------+--------+-----+--------+
         Total |  18123 |  17791 |    332 |   5801 |   6827 |  12 | 1510.2 |
       Dungeon |  18099 |  17767 |    332 |   5801 |   6827 |  11 | 1645.4 |
        Temple |     23 |     23 |      0 |      0 |      0 |   1 |   23.0 |
               +--------+--------+--------+--------+--------+-----+--------+

Top non-repeatable levels by time:
    D:10: 3634 daAuts
     D:9: 2012 daAuts
     D:7: 1947 daAuts
     D:5: 1880 daAuts
     D:6: 1815 daAuts
     D:8: 1671 daAuts
     D:1: 1318 daAuts
     D:3: 1234 daAuts
     D:4: 1186 daAuts
     D:2: 799 daAuts
    D:11: 598 daAuts
  Temple: 23 daAuts
